 Dungeon Crawl Stone Soup version 0.31-a0-1178-gc5c9b8f871 (webtiles) character file.

Game seed: 511353438831019511

967 qw the Skirmisher (level 8, -2/49 HPs)
             Began as a Gargoyle Hunter on Dec 11, 2023.
             Slain by a killer bee (7 damage)
             ... on level 6 of the Dungeon.
             The game lasted 00:01:54 (3928 turns).

qw the Skirmisher (Gargoyle Hunter)                 Turns: 3928, Time: 00:01:55

Health: -2/49      AC: 15    Str: 25    XL:     8   Next: 15%
Magic:  8/8        EV: 11    Int: 11    God:
Gold:   210        SH:  0    Dex: 15    Spells: 7/7 levels left

rFire   . . .        a - +0 shortbow
rCold   . . .        (shield currently unavailable)
rNeg    + . .        j - +5 ring mail of Negation {rElec Str+5}
rPois   inf          (no helmet)
rElec   +            (no cloak)
rCorr   .            (no gloves)
SInv    .            (no boots)
Will    .....        (no amulet)
Stlth   +            o - +6 ring of strength
HPRegen 0.28/turn    (no ring)
MPRegen 0.11/turn

%: no passive effects
@: attractive, invisible (expiring)
A: sickness immunity, AC +5, negative energy resistance 1, electricity
resistance, torment resistance 1, petrification resistance
a: no special abilities


You were on level 6 of the Dungeon.
You visited 1 branch of the dungeon, and saw 6 of its levels.

You collected 210 gold pieces.


Innate Abilities, Weirdness & Mutations

You are immune to sickness and miasma.
Your stone body is resilient. (AC +5)
You are immune to poison.
You resist negative energy. (rN+)
You are resistant to electric shocks. (rElec)
You are resistant to unholy torment.
You are immune to petrification.


   Skills:
 - Level 5.3 Fighting
 + Level 8.5 Ranged Weapons
 - Level 1.3 Armour
 - Level 2.3 Dodging
 - Level 1.1 Stealth


You had 7 spell levels left.
You didn't know any spells.
Your spell library was empty.

Inventory:

Hand Weapons
 a - a +0 shortbow (weapon)
Armour
 j - the +5 ring mail of Negation (worn) {rElec Str+5}
   (You found it on level 2 of the Dungeon)

   Str+5:     It affects your strength (+5).
   rElec:     It insulates you from electricity.
 k - a +2 robe of fire resistance
 n - the +2 ring mail "Pawotely" {-Tele Harm rC+++}
   (You found it on level 5 of the Dungeon)

   rC+++:     It renders you almost immune to cold.
   -Tele:     It prevents most forms of teleportation.
   Harm:      It increases damage dealt and taken.
Jewellery
 i - a ring of fire
 o - a +6 ring of strength (left hand)
Wands
 g - a wand of roots (7)
Potions
 d - 2 potions of resistance
 e - 4 potions of curing
 f - a potion of enlightenment

Dungeon Overview and Level Annotations

Branches:
Dungeon (6/15)
 Temple: D:4-7

Altars:
Trog
Uskayaw

Shops:
D:2 :


Message History

The orc priest is attracted toward you. The killer bee is attracted toward you.
Enter note:
3922 ||| Stepping ~*~*~tactically~*~*~ (retreating).
Found 19 gold pieces.
The orc priest shouts!
The orc priest barely misses you.
The orc wizard points at the orc and mumbles some strange words.
The orc resists with significant effort.
The orc shouts!
The killer bee buzzes angrily.
The kobold brigand is attracted toward you.
The orc wizard is attracted toward you. The killer bee is attracted toward you.
You see here a +0 rapier.
You shoot an arrow.
The arrow hits the orc priest but does no damage.
The orc barely misses you. The kobold brigand closely misses you.
Enter note:
3924 ||| Stepping ~*~*~tactically~*~*~ (retreating).
The kobold brigand completely misses you.
The orc priest is attracted toward you.
Enter note:
Enter note:
3925 ||| Stepping ~*~*~tactically~*~*~ (retreating).
The orc shouts!
The kobold brigand hits you but does no damage.
The orc priest is attracted toward you. The orc wizard is attracted toward you.
Enter note:
Enter note:
3926 ||| Stepping ~*~*~tactically~*~*~ (retreating).
The killer bee is attracted toward you.
You see here 19 gold pieces.
You shoot an arrow. The arrow barely misses the orc.
The arrow misses the killer bee.
The orc priest begins to cast a cantrip, but forgets the words!
The killer bee closely misses you. The orc priest is attracted toward you.
The orc wizard is attracted toward you. The orc is attracted toward you.
You shoot an arrow. The arrow hits the killer bee.
The killer bee is almost dead.
You flicker for a moment.
The killer bee stings you!
You die...

...##...........#.......
#..#........#.....#
#.......###.#.###.# .
#.......¤.y#.o..¤#
..###.......#.y.oo#
........#.K.#.###o# ###.
............#.).oo#.....
...............#yK$..#
.........¤.###.#@###.#
........#......#.....#
............#.....#.....
..¤.........# ###.# ###.
....#.......# .#
...####...... .. .#.
....## ##


You could see a kobold brigand (unable to see you), a killer bee (unable to see
you), an orc priest (unable to see you), an orc wizard (unable to see you) and 2
orcs.

Vanquished Creatures
  A water moccasin (D:5)
  A black bear (D:5)
  2 ogres
  A kobold brigand (D:3)
  Blork the orc (D:5)
  A scorpion (D:5)
  A jelly (D:5)
  2 hounds
  2 iguanas
  An orc wizard (D:4)
  7 gnolls
  7 adders
  3 worms
  3 dart slugs
  8 orcs
  6 ball pythons
  10 endoplasms
  2 giant cockroaches (D:3)
  A goblin (D:3)
  10 hobgoblins
  6 jackals
  6 quokkas
  2 bats (D:3)
  7 frilled lizards
  6 kobolds
  8 rats
105 creatures vanquished.

Vanquished Creatures (others)
  An arcanist (D:4)
  An orc (D:6)
2 creatures vanquished.

Grand Total: 107 creatures vanquished

Notes
Turn   | Place    | Note
-------+----------+-------------------------------------------
     0 | D:1      | qw the Gargoyle Hunter began the quest for the Orb.
     0 | D:1      | Reached XP level 1. HP: 12/12 MP: 1/1
     0 | D:1      | 0 ||| qw: Version: 0.3-a-106-g2cfff9e
     0 | D:1      | 0 ||| qw: Game counter: 2021
     0 | D:1      | 0 ||| qw: Melee chars always use a shield: true
     0 | D:1      | 0 ||| qw: God list: Okawaru
     0 | D:1      | 0 ||| qw: Allow faded altars: false
     0 | D:1      | 0 ||| qw: Do Orc after clearing Dungeon:15 true
     0 | D:1      | 0 ||| qw: Do second Lair branch before Depths: true
     0 | D:1      | 0 ||| qw: Lair rune preference: random
     0 | D:1      | 0 ||| qw: Goals: Normal, Save, Zot:1-4, Win
     0 | D:1      | 0 ||| PLANNING D:1-11
   140 | D:1      | Reached XP level 2. HP: 17/17 MP: 2/2
   593 | D:1      | 593 ||| READING scroll labelled LAOM NANEAR.
   694 | D:1      | 694 ||| READING 2 scrolls labelled XUCWOH UTITET.
   694 | D:1      | 694 ||| IDENTIFYING murky orange potion
   695 | D:1      | 695 ||| READING scroll of identify.
   695 | D:1      | 695 ||| IDENTIFYING fizzy silvery potion
   696 | D:1      | 696 ||| READING scroll labelled ERCHURR RABOLOE.
   696 | D:1      | 696 ||| ENCHANTING +0 leather armour.
   697 | D:1      | 697 ||| DROPPING scroll of butterflies.
   723 | D:2      | Reached XP level 3. HP: 21/21 MP: 3/3
   735 | D:2      | Reached skill level 5 in Ranged Weapons
   856 | D:2      | Reached skill level 3 in Fighting
   887 | D:2      | Reached XP level 4. HP: 28/28 MP: 4/4
   910 | D:2      | Identified the +5 ring mail of Negation {rElec Str+5}
   928 | D:2      | Found Plog's Book Shoppe.
   928 | D:2      | Noticed a walking divine tome
   928 | D:2      | Noticed a walking earthen tome
  1210 | D:2      | 1210 ||| UPGRADING to +5 ring mail of Negation {rElec
                  | Str+5}.
  1220 | D:2      | 1220 ||| DROPPING +1 leather armour.
  1221 | D:2      | 1221 ||| READING scroll of identify.
  1221 | D:2      | 1221 ||| IDENTIFYING ruby potion
  1222 | D:2      | 1222 ||| READING scroll labelled YTSIUJ YMUZXO.
  1323 | D:2      | 1323 ||| READING scroll labelled COSENGIPRA.
  1416 | D:3      | Reached skill level 1 in Armour
  1561 | D:3      | Reached XP level 5. HP: 13/32 MP: 5/5
  2089 | D:3      | 2089 ||| UPGRADING to +6 ring of strength.
  2090 | D:3      | 2090 ||| READING scroll labelled FISTUS KIASIZAM.
  2091 | D:3      | 2091 ||| READING scroll labelled CIUNEGAEWK.
  2092 | D:3      | 2092 ||| READING scroll labelled LAISHI HUTETES.
  2093 | D:3      | 2093 ||| READING scroll labelled VAVEETE UPOSI.
  2094 | D:3      | 2094 ||| READING scroll labelled JOZIVV PUJAOSH.
  2099 | D:3      | 2099 ||| READING scroll labelled ESHRODO DILIVVU.
  2115 | D:4      | Noticed a kobold brigand
  2120 | D:4      | Noticed an ogre
  2121 | D:4      | 2121 ||| STAIRDANCE
  2128 | D:3      | Killed a kobold brigand
  2129 | D:3      | Reached skill level 6 in Ranged Weapons
  2207 | D:4      | 2207 ||| STAIRDANCE
  2217 | D:3      | Killed an ogre
  2218 | D:3      | Reached XP level 6. HP: 14/38 MP: 6/6
  2695 | D:4      | Found a hide-covered altar of Uskayaw.
  2709 | D:4      | Reached skill level 7 in Ranged Weapons
  2820 | D:4      | Found a bloodstained altar of Trog.
  2827 | D:4      | Noticed an arcanist
  2833 | D:4      | Killed an arcanist
  2861 | D:5      | Entered Level 5 of the Dungeon
  2870 | D:5      | Noticed a black bear
  2877 | D:5      | Killed a black bear
  2878 | D:5      | Reached XP level 7. HP: 31/43 MP: 7/7
  2892 | D:5      | 2892 ||| FLEEEEING.
  2893 | D:5      | 2893 ||| FLEEEEING.
  2894 | D:5      | 2894 ||| FLEEEEING.
  2898 | D:5      | 2898 ||| STAIRDANCE
  2941 | D:5      | Noticed Blork the orc
  2954 | D:5      | 2954 ||| FLEEEEING.
  2955 | D:5      | 2955 ||| FLEEEEING.
  2956 | D:5      | 2956 ||| FLEEEEING.
  2964 | D:5      | 2964 ||| STAIRDANCE
  3088 | D:5      | Reached skill level 8 in Ranged Weapons
  3200 | D:5      | Killed Blork the orc
  3377 | D:5      | Reached XP level 8. HP: 28/49 MP: 8/8
  3634 | D:5      | Identified the +2 ring mail "Pawotely" {-Tele Harm rC+++}
  3851 | D:5      | 3851 ||| READING 2 scrolls of identify.
  3851 | D:5      | 3851 ||| IDENTIFYING lumpy grey potion
  3852 | D:5      | 3852 ||| READING scroll of identify.
  3852 | D:5      | 3852 ||| IDENTIFYING bubbling clear potion
  3853 | D:5      | 3853 ||| DROPPING potion of brilliance.
  3854 | D:5      | 3854 ||| DROPPING potion of degeneration.
  3890 | D:6      | 3890 ||| Stepping ~*~*~tactically~*~*~ (retreating).
  3891 | D:6      | 3891 ||| Stepping ~*~*~tactically~*~*~ (retreating).
  3901 | D:6      | HP: 10/49 [black bear (4)]
  3902 | D:6      | 3902 ||| READING scroll of teleportation.
  3903 | D:6      | 3903 ||| DRINKING emerald potion.
  3904 | D:6      | 3904 ||| DRINKING silvery potion.
  3904 | D:6      | HP: 4/49 [wight/+4 hand axe (7)]
  3906 | D:6      | 3906 ||| Stepping ~*~*~tactically~*~*~ (retreating).
  3907 | D:6      | 3907 ||| Stepping ~*~*~tactically~*~*~ (retreating).
  3908 | D:6      | 3908 ||| Stepping ~*~*~tactically~*~*~ (retreating).
  3909 | D:6      | 3909 ||| Stepping ~*~*~tactically~*~*~ (retreating).
  3910 | D:6      | 3910 ||| Stepping ~*~*~tactically~*~*~ (retreating).
  3911 | D:6      | 3911 ||| Stepping ~*~*~tactically~*~*~ (retreating).
  3911 | D:6      | HP: 4/49 [killer bee (2)]
  3914 | D:6      | 3914 ||| Stepping ~*~*~tactically~*~*~ (retreating).
  3915 | D:6      | 3915 ||| Stepping ~*~*~tactically~*~*~ (retreating).
  3917 | D:6      | 3917 ||| Stepping ~*~*~tactically~*~*~ (retreating).
  3918 | D:6      | HP: 3/49 [killer bee (3)]
  3919 | D:6      | 3919 ||| Stepping ~*~*~tactically~*~*~ (retreating).
  3920 | D:6      | 3920 ||| Stepping ~*~*~tactically~*~*~ (retreating).
  3921 | D:6      | 3921 ||| Stepping ~*~*~tactically~*~*~ (retreating).
  3922 | D:6      | 3922 ||| Stepping ~*~*~tactically~*~*~ (retreating).
  3924 | D:6      | 3924 ||| Stepping ~*~*~tactically~*~*~ (retreating).
  3925 | D:6      | 3925 ||| Stepping ~*~*~tactically~*~*~ (retreating).
  3926 | D:6      | 3926 ||| Stepping ~*~*~tactically~*~*~ (retreating).
  3928 | D:6      | Slain by a killer bee

Levels and vault maps discovered:
D:1:      eino_arrival_cavern_c, layout_basic
D:2:      layout_basic, serial_shops, nicolae_shop_mannequins,
          chequers_serial_rivers_micro_a, minmay_misc_feat_encased,
          minmay_indecisive_spiral
D:3:      layout_basic
D:4:      layout_rooms, mainiacjoe_overflow_brackets, trog_wizard
D:5:      layout_loops_ring, minmay_crystal_water, uniq_blork_the_orc
D:6:      hangedman_cross_stitches, layout_cave_pools, nzn_wu_jian_council_hall,
          okawaru_metal_pillars_1_2, nicolae_vehumet_radiance, minivault_27,
          grunt_ministairs_7

Skill      XL: |  1  2  3  4  5  6  7 |
---------------+----------------------+-----
Ranged Weapons | 5 6 7 8 |  8.5
Fighting       | 3 4 5 |  5.3
Armour         | 1 |  1.3
Dodging        | 2 |  2.3
Stealth        | |  1.1

Action                     |  1- 3 |  4- 6 |  7- 9 || total
---------------------------+-------+-------+-------++-------
   Fire: Shortbow          |    93 |   228 |   137 ||   458
    Use: Scroll            |     4 |     9 |     3 ||    16
         Potion            |       |       |     2 ||     2
 Armour: Leather armour    |    25 |       |       ||    25
         Ring mail         |       |    52 |   113 ||   165
  Dodge: Dodged            |    28 |    72 |    87 ||   187

Table legend:
 A = Non-vault XP
 B = Vault XP
 C = Vault XP percentage of total XP
 D = Non-vault monster count
 E = Vault monster count
 F = Vault count percentage of total count
                 A         B        C        D         E       F
            +---------+---------+-------+---------+---------+-------
      Total |    1232 |     150 |  10.9 |      98 |       7 |   6.7
            +---------+---------+-------+---------+---------+-------
        D:1 |      28 |       0 |   0.0 |      17 |       0 |   0.0
        D:2 |      53 |       7 |  11.7 |      17 |       4 |  19.0
        D:3 |     326 |       0 |   0.0 |      29 |       0 |   0.0
        D:4 |     170 |       0 |   0.0 |      20 |       0 |   0.0
        D:5 |     655 |      94 |  12.6 |      15 |       1 |   6.2
        D:6 |       0 |      49 | 100.0 |       0 |       2 | 100.0
            +---------+---------+-------+---------+---------+-------
